 Dungeon Crawl Stone Soup version 0.28-a0-422-gd71735cc25 (webtiles) character file.

Game seed: 15753726734826331437

1 avis the Magician (level 1, 0/18 HPs)
             Began as a Djinni Warper on Sept 9, 2021.
             Slain by a quokka (2 damage)
             ... on level 1 of the Dungeon.
             The game lasted 00:01:27 (147 turns).

avis the Magician (Djinni Warper)                    Turns: 147, Time: 00:01:28

Health: 0/18       AC:  3    Str: 10    XL:     1   Next: 22%
Gold:   11         EV: 11    Int: 14    God:
                   SH:  0    Dex: 12

rFire   + + .      SeeInvis .     - Unarmed
rCold   x . .      Faith    .   (no shield)
rNeg    . . .      Spirit   .   a - +0 leather armour
rPois   ∞          Reflect  .   (no helmet)
rElec   .          Harm     .   (no cloak)
rCorr   .          Rampage  .   (no gloves)
Will    .....                   (boots unavailable)
Stlth   +.........              (no amulet)
HPRegen 0.06/turn               (no ring)
MPRegen 0.00/turn               (no ring)

@: flying
A: sickness immunity, fire resistance 2, cold vulnerability 1, float, innate
caster, hp casting, extra vitality 1
a: no special abilities


You were on level 1 of the Dungeon.
You visited 1 branch of the dungeon, and saw 1 of its levels.

You collected 11 gold pieces.

Inventory:

Missiles
 c - 5 boomerangs of dispersal (quivered)
 d - 19 stones
Armour
 a - a +0 leather armour (worn)
Scrolls
 b - a scroll of blinking
 e - a scroll of enchant armour {unknown}


   Skills:
 - Level 2.0 Fighting
 - Level 0.7 Throwing
 - Level 1.0 Armour
 - Level 2.1 Dodging
 * Level 2.1 Unarmed Combat
 - Level 2.4 Spellcasting


You couldn't memorise any spells.
You knew the following spells:

 Your Spells              Type           Power      Damage    Failure   Level
a - Blink                 Tloc           N/A        N/A       17%         2
b - Lesser Beckoning      Tloc           8%         N/A       34%         3
c - Gell's Gravitas       Tloc           4%         N/A       34%         3
d - Teleport Other        Tloc           8%         N/A       34%         3
e - Manifold Assault      Tloc           8%         N/A       97%         5
Your spell library was empty.

Dungeon Overview and Level Annotations

Branches:
Dungeon (1/15)

Altars:


Innate Abilities, Weirdness & Mutations

You are immune to sickness and miasma.
You are immune to poison.
Your flesh is very heat resistant. (rF++)
You are vulnerable to cold. (rC-)
You float through the air rather than walking.
You learn spells naturally, not from books.
Your magical power is your life essence.
You have superior vitality. (+4 HP)


Message History

The hobgoblin closely misses you.
You hit the hobgoblin but do no damage.
The hobgoblin is heavily wounded.
The hobgoblin closely misses you.
You barely miss the hobgoblin.
The hobgoblin is heavily wounded.
The hobgoblin misses you.
You hit the hobgoblin.
The hobgoblin is almost dead.
The hobgoblin hits you but does no damage.
You hit the hobgoblin.
You kill the hobgoblin!
You see here a hobgoblin corpse.
You now have 11 gold pieces.
e - a scroll labelled UCZUTIRPHEJ A kobold comes into view.
It is wielding a +0 club.
The kobold shouts!
A quokka comes into view.
The kobold hits you with a +0 club.
You hit the kobold.
The kobold is severely wounded.
The kobold hits you with a +0 club.
You hit the kobold but do no damage.
The kobold is severely wounded.
The kobold hits you with a +0 club. The quokka closely misses you.
You barely miss the kobold.
The kobold is severely wounded.
The quokka bites you. The kobold hits you with a +0 club.
* * * LOW HITPOINT WARNING * * *
You barely miss the kobold.
The kobold is severely wounded.
The quokka bites you.
* * * LOW HITPOINT WARNING * * *
The kobold hits you with a +0 club.
* * * LOW HITPOINT WARNING * * *
The quokka closely misses you.
You miss the kobold.
The kobold is severely wounded.
The kobold hits you but does no damage. The quokka bites you.
You die...

.... ####..........###..#
.....#...........##....##
........##.....#.##.##.#
......#..##...#..## #.#
......##.###....###
#.##### .....
#....##..... #.#...#
♣.♣.♣ ###.........
#...... . .. #.........
#...... .. #.@r......
#...... #.K.......
#...... ...........
#....... #..#.........
#.......
♣.##..................
... ...........#.......
#.. .......... ..#.....
## ##......... ##..


You could see a quokka and a kobold.

Vanquished Creatures
  A hobgoblin (D:1)
1 creature vanquished.

Notes
Turn   | Place    | Note
-------+----------+-------------------------------------------
     0 | D:1      | avis the Djinni Warper began the quest for the Orb.
     0 | D:1      | Reached XP level 1. HP: 18/18 MP: 0/0
   147 | D:1      | Slain by a quokka

Illustrated notes

Levels and vault maps discovered:
D:1:      sevenhm_arrival_forest_fort_large_4, layout_rooms,
          shapermc_ecumenical_altar_starsandcircs, serial_forest,
          infiniplex_forest_end_double, infiniplex_forest_clump_double,
          infiniplex_forest_clump_medium, infiniplex_forest_lined_room_2,
          infiniplex_forest_lined_corner, infiniplex_forest_split,
          infiniplex_forest_clump_small

Action                   || total
-------------------------++-------
Melee: Unarmed           ||    12
Armor: Leather armour    ||     4
Dodge: Dodged            ||     5

Table legend: (Time is in decaauts)
 A = Elapsed time spent in this place.
 B = Non-inter-level travel time spent in this place.
 C = Inter-level travel time spent in this place.
 D = Time resting spent in this place.
 E = Time spent auto-exploring this place.
 F = Levels seen in this place.
 G = Mean time per level.
                   A        B        C        D        E       F      G
               +--------+--------+--------+--------+--------+-----+--------+
         Total |    146 |    146 |      0 |      0 |    108 |   1 |  146.0 |
       Dungeon |    146 |    146 |      0 |      0 |    108 |   1 |  146.0 |
               +--------+--------+--------+--------+--------+-----+--------+

Top non-repeatable levels by time:
     D:1: 146 daAuts
